 Dungeon Crawl Stone Soup version 0.28.0 (webtiles) character file.

Game seed: 5364500125095911592

918 sasquatch the Basher (level 7, -1/57 HPs)
             Began as a Minotaur Fighter on Feb 9, 2022.
             Slain by a centaur (7 damage)
             ... on level 5 of the Dungeon.
             The game lasted 00:04:04 (3697 turns).

sasquatch the Basher (Minotaur Fighter)             Turns: 3697, Time: 00:04:06

Health: -1/57      AC: -5    Str: 23    XL:     7   Next: 83%
Magic:  6/6        EV: 10    Int:  5    God:
Gold:   76         SH:  0    Dex:  9    Spells: 6/6 levels left

rFire   . . .      SeeInvis .   p - +0 morningstar
rCold   . . .      Faith    .   (no shield)
rNeg    . . .      Spirit   .   b - +0 scale mail
rPois   .          Reflect  .   (helmet restricted)
rElec   .          Harm     .   (no cloak)
rCorr   .          Rampage  .   (no gloves)
Will    .....                   (no boots)
Stlth   ..........              (no amulet)
HPRegen 0.19/turn               (no ring)
MPRegen 0.10/turn               (no ring)

@: corroded, flying
A: horns 2, retaliatory headbutt
a: no special abilities


You were on level 5 of the Dungeon.
You visited 1 branch of the dungeon, and saw 4 of its levels.

You collected 76 gold pieces.

Inventory:

Hand Weapons
 a - a +2 flail of protection
 j - a +1 dagger of venom
 p - a +0 morningstar (weapon)
Missiles
 g - 9 javelins (quivered)
 o - 4 curare-tipped darts
Armour
 b - a +0 scale mail (worn)
 c - a +0 buckler
Jewellery
 i - a ring of ice
Wands
 d - a wand of flame (10)
Scrolls
 e - 2 scrolls of identify
 f - a scroll of fear {unknown}
 n - a scroll of blinking {unknown}


   Skills:
 - Level 3.6 Fighting
 + Level 9.9 Maces & Flails
 - Level 3.6 Armour
 + Level 3.5 Dodging
 + Level 1.2 Stealth
 - Level 3.6 Shields


You had 6 spell levels left.
You didn't know any spells.
Your spell library contained the following spells:

 Spells                   Type           Power      Damage    Failure   Level
 Dazzling Flash           Conj/Hex       0%         N/A       98%         3
 Cause Fear               Hex            0%         N/A       100%        4
 Iskenderun's Mystic Bla  Conj/Tloc      0%         2d3       100%        4
 Starburst                Conj/Fire      0%         6d3       100%        6
 Dragon Form              Tmut           0%         N/A       100%        7
 Dragon's Call            Summ           0%         N/A       100%        9


Dungeon Overview and Level Annotations

Branches:
Dungeon (3/15)

Altars:
Sif Muna

Annotations:
D:5 Blork the orc


Innate Abilities, Weirdness & Mutations

You have a pair of horns on your head.
You reflexively headbutt those who attack you in melee.


Message History

The jelly is moderately wounded.
The jelly barely misses you.
Unknown command.
You puncture the jelly!
Your hands burn!
The jelly is severely wounded.
The jelly hits you.
You are splashed with acid.
* * * LOW HITPOINT WARNING * * *
Unknown command.
Okay, then.
It was a potion of flight.
You feel very buoyant.
You fly up into the air.
The jelly hits you.
* * * LOW HITPOINT WARNING * * *
You are splashed with acid!
* * * LOW HITPOINT WARNING * * *
It was a potion of heal wounds.
You feel much better. The jelly hits you. The acid corrodes you!
You are splashed with acid!
You puncture the jelly!
You kill the jelly!
Unknown command.
You hit the centaur but do no damage.
The centaur unwields a +0 shortbow.
The centaur hits you. The centaur closely misses you.
You barely miss the centaur.
You headbutt the centaur, but do no damage.
The centaur hits you.
* * * LOW HITPOINT WARNING * * *
The centaur barely misses you. x2; You furiously retaliate!
You headbutt the centaur. The centaur barely misses you.
You sock the centaur! You headbutt the centaur.
The centaur is almost dead.
The centaur closely misses you. The centaur kicks you.
* * * LOW HITPOINT WARNING * * *
You closely miss the centaur.
The centaur is almost dead.
The centaur hits you.
* * * LOW HITPOINT WARNING * * *
The centaur kicks you.
* * * LOW HITPOINT WARNING * * *
The centaur hits you!
You die...

###.###.....#
#.....#.###
###...#..###
###......#
###.##.#####
#...(.....
##.###...#
#..# ##..
##@# # #c#
#Z.# .....
........
..<).......
###.........
#.........
#.........


You could see a centaur and a bullfrog skeleton.

Vanquished Creatures
  Grinder (D:5)
  Sigmund (D:5)
  Edmund (D:5)
  An ice beast (D:5)
  A bullfrog zombie (D:5)
  A jelly (D:5)
  A bullfrog skeleton (D:5)
  An iguana (D:5)
  8 adders
  8 gnolls
  2 worms (D:3)
  A dart slug (D:2)
  4 ball pythons
  6 endoplasms
  4 giant cockroaches
  5 goblins
  9 hobgoblins
  7 jackals (D:1)
  5 kobolds
  4 quokkas
  9 bats
  2 frilled lizards
  7 rats
89 creatures vanquished.

Notes
Turn   | Place    | Note
-------+----------+-------------------------------------------
     0 | D:1      | sasquatch the Minotaur Fighter began the quest for the Orb.
     0 | D:1      | Reached XP level 1. HP: 19/19 MP: 0/0
    76 | D:1      | Reached skill level 3 in Maces & Flails
   100 | D:1      | Reached XP level 2. HP: 24/26 MP: 1/1
   702 | D:1      | Reached skill level 4 in Maces & Flails
   802 | D:1      | Reached XP level 3. HP: 31/31 MP: 2/2
  1513 | D:2      | Reached skill level 1 in Dodging
  1545 | D:2      | Reached skill level 5 in Maces & Flails
  1545 | D:2      | Reached XP level 4. HP: 38/39 MP: 3/3
  1893 | D:2      | Found a shimmering blue altar of Sif Muna.
  1961 | D:2      | Found a faded altar of an unknown god.
  2102 | D:2      | Reached XP level 5. HP: 27/45 MP: 4/4
  2287 | D:3      | Reached skill level 6 in Maces & Flails
  3220 | D:3      | You fall into a shaft and drop 2 floors!
  3220 | D:5      | Entered Level 5 of the Dungeon
  3231 | D:5      | Noticed an ice beast
  3231 | D:5      | Noticed a centaur
  3232 | D:5      | Noticed Blork the orc
  3237 | D:5      | Noticed Edmund
  3243 | D:5      | Killed Edmund
  3244 | D:5      | Reached skill level 7 in Maces & Flails
  3244 | D:5      | Reached XP level 6. HP: 29/51 MP: 5/5
  3381 | D:5      | Noticed Sigmund
  3394 | D:5      | Killed Sigmund
  3395 | D:5      | Reached skill level 8 in Maces & Flails
  3395 | D:5      | Reached skill level 1 in Stealth
  3395 | D:5      | Reached XP level 7. HP: 28/57 MP: 6/6
  3670 | D:5      | Noticed Grinder
  3678 | D:5      | Killed Grinder
  3679 | D:5      | Reached skill level 9 in Maces & Flails
  3697 | D:5      | Slain by a centaur

Illustrated notes

Levels and vault maps discovered:
D:1:      saegor_arrival_simple_c, layout_basic, minmay_pentomino_t4
D:2:      minmay_evil_eye, layout_rooms, chequers_ecumenical_altar_island,
          basic_altar, st_stairs_9
D:3:      layout_basic
D:5:      layout_rooms, uniq_blork_the_orc, uniq_edmund, uniq_grinder,
          uniq_sigmund

Skill      XL: |  1  2  3  4  5  6  7 |
---------------+----------------------+-----
Maces & Flails | 3 4 5 7 8 9 |  9.9
Dodging        | 1 2 3 |  3.5
Stealth        | 1 |  1.2
Fighting       | |  3.6
Armour         | |  3.6
Shields        | |  3.6

Action                   |  1- 3 |  4- 6 |  7- 9 || total
-------------------------+-------+-------+-------++-------
Melee: Flail             |   100 |    96 |       ||   196
       Headbutt          |    17 |    11 |     8 ||    36
       Punch             |     1 |     1 |       ||     2
       Morningstar       |       |    13 |    34 ||    47
  Use: Scroll            |       |     3 |       ||     3
       Potion            |       |     2 |     2 ||     4
Armor: Scale mail        |    54 |    41 |    11 ||   106
Dodge: Dodged            |    47 |    64 |    19 ||   130
